 Dungeon Crawl Stone Soup version 0.31.0-11-ge490571c62 (webtiles) character file.

Game seed: 10504905534617989614

558 sasquatch the Shield-Bearer (level 7, -3/52 HPs)
             Began as a Formicid Fighter on Jan 28, 2024.
             Was a Believer of Uskayaw.
             Succumbed to a scorpion's poison
             ... on level 5 of the Dungeon.
             The game lasted 00:08:23 (4427 turns).

sasquatch the Shield-Bearer (Formicid Fighter)      Turns: 4427, Time: 00:08:23

Health: -3/52      AC:  8    Str: 26    XL:     7   Next: 56%
Magic:  6/6        EV:  9    Int:  5    God:    Uskayaw [**....]
Gold:   198        SH: 10    Dex: 16    Spells: 6/6 levels left

rFire   + . .        a - +0 war axe
rCold   . . .        m - +0 kite shield
rNeg    . . .        b - +0 scale mail
rPois   .            (helmet unavailable)
rElec   .            h - +0 cloak
rCorr   .            (no gloves)
SInv    +            (no boots)
Will    +....        f - amulet of the acrobat Stlth
                     q - ring of protection from fire
HPRegen 0.28/turn    y - ring of flight
MPRegen 0.10/turn

%: acrobat
@: lethally poisoned (-3 -> -19), enlightened, flying
A: permanent stasis, dig shafts and tunnels, antennae 3, four strong arms, agile
1, low MP 1, strong 1, MP-powered wands
a: Dig, Shaft Self, Renounce Religion, Stomp, Line Pass


You were on level 5 of the Dungeon.
You worshipped Uskayaw.
Uskayaw was noncommittal.
You visited 1 branch of the dungeon, and saw 5 of its levels.

You collected 222 gold pieces.
You spent 24 gold pieces at shops.

Inventory:

Hand Weapons
 a - a +0 war axe (weapon)
 g - a +2 dagger of venom
Missiles
 c - 12 poisoned darts
 j - 7 boomerangs (quivered)
Armour
 b - a +0 scale mail (worn)
 h - a +0 cloak (worn)
 m - a +0 kite shield (worn)
 r - a +0 chain mail
Jewellery
 f - an amulet of the acrobat (around neck)
 q - a ring of protection from fire (left hand)
 y - a ring of flight (right hand)
 z - an amulet of guardian spirit
Wands
 x - a wand of paralysis (9)
Scrolls
 e - a scroll of vulnerability
 k - 3 scrolls of silence
 l - a scroll of enchant weapon {unknown}
 p - a scroll of teleportation {unknown}
 s - a scroll of noise {unknown}
 B - a scroll of torment {unknown}
Potions
 d - a potion of might
 i - a potion of ambrosia
 n - a potion of brilliance
 o - a potion of attraction {unknown}
 t - a potion of enlightenment
 u - a potion of heal wounds {unknown}
 v - a potion of invisibility {unknown}
 w - a potion of lignification {unknown}


   Skills:
 - Level 3.2 Fighting
 * Level 6.5 Axes
 - Level 3.2 Armour
 + Level 6.8 Shields


You had 6 spell levels left.
You didn't know any spells.
Your spell library contained the following spells:

 Spells                   Type           Power      Damage    Failure   Level
 Passage of Golubria      Tloc           0%         N/A       100%        4
 Silence                  Hex/Air        0%         N/A       100%        5
 Lehudib's Crystal Spear  Conj/Erth      0%         10d2      100%        8


Dungeon Overview and Level Annotations

Branches:
Dungeon (5/15)
 Temple: D:4-7

Altars:
Uskayaw

Shops:
D:2 ?

Annotations:
D:5 Pikel


Innate Abilities, Weirdness & Mutations

You cannot be hasted, slowed, berserked, paralysed or teleported.
You can dig through walls and to a lower floor.
You have a pair of large antennae on your head. (SInv)
Your four strong arms can wield two-handed weapons with a shield.
You are agile. (Dex +4, Str/Int -1)
Your magical capacity is low. (-10% MP)
Your muscles are strong. (Str +4, Int/Dex -1)
You expend magic power (3 MP) to strengthen your wands.


Message History

You feel very sick.
A phantom comes into view.
The scorpion stings you.
You are more poisoned.
The scorpion poisons you! You block Pikel's attack.
Unknown command.
You hit Pikel.
Pikel is heavily wounded.
You barely miss the scorpion. You barely miss the lemure.
You feel very sick. The scorpion stings you.
You are more poisoned.
The scorpion poisons you!
Pikel hits you with a +1 whip of electrocution.
The scorpion barely misses you. The lemure hits you but does no damage.
Pikel hits you with a +1 whip of electrocution.
You are electrocuted!
* * * LOW HITPOINT WARNING * * *
The lemure hits you.
* * * LOW HITPOINT WARNING * * *
You can now pass through a line of other dancers.
Okay, then.
Okay, then.
Press: ? - help, v - describe, . - travel
Here: Pikel, wielding a +1 whip of electrocution and wearing a +0 robe (heavily wounded)
The floor, spattered with blood.
Unknown command.
Okay, then.
It was a potion of enlightenment.
You feel more buoyant.
* * * LOW HITPOINT WARNING * * *
You feel very sick.
The scorpion stings you but does no damage.
The lemure hits you but does no damage. Pikel closely misses you.
You block the lemure's attack.
It was a potion of mutation.
You feel extremely strange.
You feel less energetic.
You feel stronger.
You feel your magical essence link to the dungeon's wands.
You feel agile.
You die...

...# ..# #..........
..... ..####..........
..... .##..#.........
..... ..............
..W..#
...#........######..#..#
[...........#.##5.....#
...............5Ks5.##
#...###........5@##..#
#...#.......#.......#
#....##...###....##.#
#....#...## #....# #
#....##..# #..###
##...##### ##.# #.###
### ###


You could see Pikel, 4 lemures, a phantom and a scorpion.

Vanquished Creatures
  An ogre (D:5)
  2 scorpions (D:4)
  A bombardier beetle (D:4)
  A jelly (D:5)
  Robin (D:3)
  9 adders
  8 gnolls
  4 ribbon worms (D:2)
  4 dart slugs
  6 orcs
  6 bats
  7 endoplasms
  6 giant cockroaches
  18 goblins
  9 hobgoblins
  8 jackals
  4 quokkas
  4 ball pythons
  3 frilled lizards
  10 kobolds
  8 rats
120 creatures vanquished.

Notes
Turn   | Place    | Note
-------+----------+-------------------------------------------
     0 | D:1      | sasquatch the Formicid Fighter began the quest for the Orb.
     0 | D:1      | Reached XP level 1. HP: 18/18 MP: 1/1
    63 | D:1      | Reached XP level 2. HP: 23/24 MP: 2/2
   407 | D:1      | Found a faded altar of an unknown god.
   537 | D:1      | Reached XP level 3. HP: 8/29 MP: 3/3
   933 | D:2      | Found Tacliwne's Magic Scroll Shoppe.
  1012 | D:2      | Bought a scroll of identify for 24 gold pieces
  1144 | D:2      | Reached XP level 4. HP: 35/35 MP: 4/4
  2007 | D:3      | Found a hide-covered altar of Uskayaw.
  2049 | D:3      | Became a worshipper of Uskayaw the Reveller
  2122 | D:3      | Reached * piety under Uskayaw
  2125 | D:3      | Reached skill level 5 in Shields
  2160 | D:3      | Reached XP level 5. HP: 41/41 MP: 5/5
  2364 | D:3      | Reached ** piety under Uskayaw
  2376 | D:3      | Noticed Robin
  2387 | D:3      | Killed Robin
  3158 | D:4      | Reached XP level 6. HP: 47/47 MP: 6/6
  3244 | D:4      | Reached skill level 5 in Axes
  3821 | D:4      | Reached XP level 7. HP: 52/52 MP: 7/7
  4174 | D:5      | Entered Level 5 of the Dungeon
  4337 | D:5      | Reached *** piety under Uskayaw
  4418 | D:5      | Noticed Pikel
  4426 | D:5      | HP: 1/52 [poisoned by a scorpion]
  4427 | D:5      | Gained mutation: Your magical capacity is low. (-10% MP)
                  | [potion of mutation]
  4427 | D:5      | Gained mutation: Your muscles are strong. (Str +4, Int/Dex
                  | -1) [potion of mutation]
  4427 | D:5      | Gained mutation: You expend magic power (3 MP) to
                  | strengthen your wands. [potion of mutation]
  4427 | D:5      | Gained mutation: You are agile. (Dex +4, Str/Int -1)
                  | [potion of mutation]
  4427 | D:5      | Succumbed to a scorpion's poison

Illustrated notes

Levels and vault maps discovered:
D:1:      sevenhm_arrival_forest_fort_small_4, layout_basic,
          shapermc_ecumenical_altar_starsandcircs, serial_forest,
          infiniplex_forest_straight_3, infiniplex_forest_zigzag_2,
          infiniplex_forest_clump_tiny, infiniplex_forest_clump_tiny,
          infiniplex_forest_corner_1, infiniplex_forest_clump_cross,
          infiniplex_forest_lined_room_3, infiniplex_forest_clump_curved,
          minmay_misc_feat_room
D:2:      minmay_diamond_boxcup, layout_basic, serial_shops, shop
D:3:      kennysheep_goblin_castle, layout_basic,
          mainiacjoe_overflow_six_doors_small, serial_glass, glass_columns_b,
          glass_columns_b, chequers_big_river, dk_vineyard_1,
          grunt_ministairs_8, uniq_robin
D:4:      layout_basic
D:5:      minmay_razor_zed, layout_cave_pools, lemuel_doored_altar, uniq_pikel

Skill      XL: |  1  2  3  4  5  6  7 |
---------------+----------------------+-----
Axes           | 3 4 5 6 |  6.5
Shields        | 5 6 |  6.8
Fighting       | |  3.2
Armour         | |  3.2

Action                     |  1- 3 |  4- 6 |  7- 9 || total
---------------------------+-------+-------+-------++-------
  Melee: War axe           |   118 |   189 |    52 ||   359
         Dagger            |       |     7 |       ||     7
  Throw: Boomerang         |       |       |     8 ||     8
    Use: Scroll            |     3 |     1 |     1 ||     5
         Potion            |       |       |     2 ||     2
   Stab: Paralysed         |       |       |     1 ||     1
 Armour: Scale mail        |    63 |   102 |    41 ||   206
  Dodge: Dodged            |    57 |    84 |    10 ||   151
  Block: Buckler           |    23 |       |       ||    23
         Kite shield       |    28 |   117 |    25 ||   170
